 Dungeon Crawl Stone Soup version 0.30.2 (webtiles) character file.

Game seed: 9948265723723395795

189 porpoise the Chopper (level 5, 0/47 HPs)
             Began as a Hill Orc Fighter on Feb 22, 2024.
             Succumbed to Ijyb's poison
             ... on level 4 of the Dungeon.
             The game lasted 00:05:53 (2199 turns).

porpoise the Chopper (Hill Orc Fighter)             Turns: 2199, Time: 00:05:53

Health: 0/47       AC:  8    Str: 21    XL:     5   Next: 68%
Magic:  5/5        EV:  9    Int:  8    God:
Gold:   164        SH:  4    Dex: 10    Spells: 4/4 levels left

rFire   . . .        a - +0 war axe
rCold   . . .        c - +0 buckler
rNeg    . . .        j - +0 scale mail
rPois   .            (no helmet)
rElec   .            (no cloak)
rCorr   .            (no gloves)
SInv    .            h - +0 pair of boots
Will    .....        (no amulet) Stlth
                     (no ring)
HPRegen 0.27/turn    (no ring)
MPRegen 0.09/turn

%: no passive effects
@: lethally poisoned (0 -> -5)
A: no striking features
a: no special abilities


You were on level 4 of the Dungeon.
You visited 1 branch of the dungeon, and saw 4 of its levels.

You collected 164 gold pieces.

Inventory:

Hand Weapons
 a - a +0 war axe (weapon)
 b - a +0 sling
Armour
 c - a +0 buckler (worn)
 h - a +0 pair of boots (worn)
 j - a +0 scale mail (worn)
Scrolls
 e - a scroll of noise {unknown}
 f - 2 scrolls of fog {unknown}
 g - 2 scrolls of identify {unknown}
 k - a scroll of enchant armour {unknown}
 m - a scroll of torment {unknown}
 n - a scroll of fear {unknown}
Potions
 l - a potion of cancellation {unknown}
 o - a potion of haste {unknown}


   Skills:
 + Level 4.8 Fighting
 * Level 5.7 Axes
 - Level 3.2 Armour
 + Level 4.3 Shields


You had 4 spell levels left.
You didn't know any spells.
Your spell library contained the following spells:

 Spells                   Type           Power      Damage    Failure   Level
 Kiss of Death            Conj/Necr      0%         2d5       82%         1
 Lesser Beckoning         Tloc           0%         N/A       91%         2
 Scorch                   Fire           0%         2d5       91%         2
 Confusing Touch          Hex            0%         N/A       99%         3
 Gell's Gravitas          Tloc           0%         N/A       99%         3
 Teleport Other           Tloc           0%         N/A       99%         3
 Dispel Undead            Necr           0%         3d6       100%        4
 Flame Wave               Conj/Fire      0%         2d4       100%        4
 Summon Cactus Giant      Summ           0%         N/A       100%        6


Dungeon Overview and Level Annotations

Branches:
Dungeon (4/15)
 Temple: D:4-7

Altars:
Kikubaaqudgha
Ru
Sif Muna

Annotations:
D:4 Ijyb


Message History

Ijyb hits you with a +2 dagger of venom.
You are lethally poisoned!
You barely miss Ijyb.
Ijyb is moderately wounded.
* * * LOW HITPOINT WARNING * * *
You feel very sick. You block Ijyb's attack.
You hit Ijyb but do no damage.
Ijyb is moderately wounded.
* * * LOW HITPOINT WARNING * * *
You feel very sick. Ijyb hits you but does no damage.
You are more poisoned.
You slash Ijyb!
Ijyb is severely wounded.
* * * LOW HITPOINT WARNING * * *
You feel very sick.
Ijyb zaps a wand.
You resist with some effort. You block Ijyb's attack.
You feel better.
Ijyb hits you with a +2 dagger of venom.
* * * LOW HITPOINT WARNING * * *
You are lethally poisoned!
You barely miss Ijyb.
Ijyb is severely wounded.
* * * LOW HITPOINT WARNING * * *
You feel very sick.
Ijyb zaps a wand.
You resist with some effort.
You hit Ijyb but do no damage.
Ijyb is severely wounded.
* * * LOW HITPOINT WARNING * * *
You feel sick.
Ijyb screams, "Level is mine!
All mine!"
You block Ijyb's attack.
You hit Ijyb.
Ijyb is almost dead.
* * * LOW HITPOINT WARNING * * *
You feel sick. Ijyb barely misses you.
You barely miss Ijyb.
Ijyb is almost dead.
You die...

#.# #.# #.#
#.# #.######
#......# #.#
##g# #@.# ###
#.## ...#
#.#####.#..
#.#........
##.#.≈≈≈≈≈..
##..#.≈○≈≈≈.#
#..#..≈○°...#
##.##..≈≈°§≈.#
#..##..≈≈≈≈≈..


You could see Ijyb.

Vanquished Creatures
  A black bear (D:4)
  4 adders
  A white imp (D:3)
  A worm (D:2)
  A dart slug (D:3)
  An orc (D:3)
  4 endoplasms
  2 giant cockroaches
  3 goblins
  7 hobgoblins
  2 jackals (D:3)
  3 quokkas (D:2)
  9 ball pythons
  6 bats
  3 frilled lizards
  2 kobolds
  4 rats
54 creatures vanquished.

Notes
Turn   | Place    | Note
-------+----------+-------------------------------------------
     0 | D:1      | porpoise the Hill Orc Fighter began the quest for the Orb.
     0 | D:1      | Reached XP level 1. HP: 19/19 MP: 1/1
   160 | D:1      | Reached skill level 3 in Axes
   186 | D:1      | Reached XP level 2. HP: 27/27 MP: 2/2
   661 | D:2      | Reached XP level 3. HP: 32/33 MP: 3/3
   683 | D:2      | Reached skill level 4 in Axes
  1160 | D:2      | Reached XP level 4. HP: 39/40 MP: 4/4
  1558 | D:3      | Found a sacrificial altar of Ru.
  1562 | D:3      | Found an ancient bone altar of Kikubaaqudgha.
  1953 | D:3      | Reached skill level 5 in Axes
  2114 | D:4      | Noticed a black bear
  2123 | D:4      | Killed a black bear
  2124 | D:4      | Reached XP level 5. HP: 39/47 MP: 5/5
  2162 | D:4      | Found a shimmering blue altar of Sif Muna.
  2179 | D:4      | Noticed Ijyb
  2198 | D:4      | HP: 1/47 [poisoned by Ijyb]
  2199 | D:4      | Succumbed to Ijyb's poison

Illustrated notes

Levels and vault maps discovered:
D:1:      lemuel_arrival_tunnels, layout_rooms
D:2:      layout_basic
D:3:      layout_basic, minitemple, serial_rivers,
          chequers_serial_rivers_small_3, chequers_serial_rivers_room_a,
          chequers_serial_rivers_small_b, chequers_serial_rivers_marsh,
          chequers_serial_rivers_micro_c, chequers_serial_rivers_micro_d,
          hex_tiny
D:4:      layout_basic, nicolae_sif_muna_condensation,
          mainiacjoe_overflow_alcove_2, minmay_temple_entry_offerings,
          serial_shops, kennysheep_mini_moat, shop, shop,
          nicolae_shop_rolling_square, hangedman_decor_opposing,
          minmay_ruptured, uniq_ijyb

Skill      XL: |  1  2  3  4 |
---------------+-------------+-----
Axes           | 3 4 5 |  5.7
Fighting       | 4 |  4.8
Shields        | 4 |  4.3
Armour         | |  3.2

Action                     |  1- 3 |  4- 6 || total
---------------------------+-------+-------++-------
  Melee: War axe           |   101 |    68 ||   169
   Fire: Sling             |     4 |     2 ||     6
    Use: Potion            |       |     3 ||     3
 Armour: Scale mail        |    48 |    39 ||    87
  Dodge: Dodged            |    46 |    33 ||    79
  Block: Buckler           |    22 |    17 ||    39
